 Dungeon Crawl Stone Soup version 0.28-a0-1236-gb25a51b929 (webtiles) character file.

Game seed: 2938315589716706180

1753 wakim the Grappler (level 8, -5/79 HPs)
             Began as a Troll Fighter on Dec 25, 2021.
             Succumbed to Duvessa's poison
             ... on level 5 of the Dungeon.
             The game lasted 00:14:54 (3383 turns).

wakim the Grappler (Troll Fighter)                  Turns: 3383, Time: 00:14:55

Health: -5/79      AC:  9    Str: 25    XL:     8   Next: 78%
Magic:  7/7        EV: 10    Int:  6    God:
Gold:   58         SH:  9    Dex:  9    Spells: 7/7 levels left

rFire   . . .      SeeInvis .     - Unarmed
rCold   . . .      Faith    .   b - +0 kite shield
rNeg    . . .      Spirit   .   a - +0 robe
rPois   .          Reflect  .   (helmet restricted)
rElec   .          Harm     .   Z - +0 cloak
rCorr   +          Rampage  .   (gloves unavailable)
Will    .....                   (boots unavailable)
Stlth   +.........              (no amulet)
HPRegen 1.03/turn               Q - ring of resist corrosion
MPRegen 0.10/turn               T - +4 ring of protection

@: lethally poisoned (-5 -> -27)
A: large, unfitting armour, claws 3, regeneration 1, shaggy fur 1, tough skin 1
a: no special abilities


You were on level 5 of the Dungeon.
You visited 1 branch of the dungeon, and saw 5 of its levels.

You collected 58 gold pieces.

Inventory:

Missiles
 Y - 3 boomerangs (quivered)
Armour
 a - a +0 robe (worn)
 b - a +0 kite shield (worn)
 J - a +0 tower shield
 Z - a +0 cloak (worn)
Jewellery
 Q - a ring of resist corrosion (left claw)
 T - a +4 ring of protection (right claw)
Wands
 x - a wand of iceblast (5)
 y - a wand of paralysis (8)
Scrolls
 K - a scroll of magic mapping {unknown}
 L - 3 scrolls of blinking {unknown}
 M - a scroll of fear {unknown}
 O - 2 scrolls of enchant armour {unknown}
 R - 3 scrolls of teleportation {unknown}
 U - a scroll of immolation {unknown}
 V - 4 scrolls of vulnerability {!r!r}
 X - 2 scrolls of enchant weapon {unknown}
Potions
 C - a potion of berserk rage {!q}
 I - 2 potions of invisibility
 N - 2 potions of might
 S - a potion of cancellation {unknown}
 W - a potion of curing {unknown}


   Skills:
 + Level 4.7 Fighting
 - Level 2.4 Dodging
 - Level 9.0 Shields
 * Level 10.3 Unarmed Combat


You had 7 spell levels left.
You didn't know any spells.
Your spell library contained the following spells:

 Spells                   Type           Power      Damage    Failure   Level
 Animate Skeleton         Necr           0%         N/A       45%         1
 Apportation              Tloc           0%         N/A       45%         1
 Summon Small Mammal      Summ           0%         N/A       45%         1
 Frozen Ramparts          Ice            0%         1d2       83%         3
 Ice Form                 Ice/Tmut       0%         N/A       99%         4
 Summon Ice Beast         Ice/Summ       0%         N/A       99%         4


Dungeon Overview and Level Annotations

Branches:
Dungeon (5/15)
 Temple: D:4-7

Altars:
Kikubaaqudgha


Innate Abilities, Weirdness & Mutations

You are too large for most types of armour.
You have claws for hands.
Your natural rate of healing is unusually fast.
You are covered in fur. (AC +1)
You have tough skin. (AC +1)


Message History

Duvessa goes berserk!
Duvessa rages.
Duvessa rages.
Duvessa rages.
You claw Duvessa!
Duvessa is lightly wounded.
Duvessa hits you with a +2 short sword of venom!
You are poisoned.
You mangle Duvessa!!
Duvessa is severely wounded.
You feel very sick.
Duvessa hits you with a +2 short sword of venom!
You are more poisoned.
You claw Duvessa!
Duvessa is almost dead.
You feel very sick.
Duvessa hits you with a +2 short sword of venom!
* * * LOW HITPOINT WARNING * * *
You are more poisoned.
You barely miss Duvessa.
Duvessa is almost dead.
You feel extremely sick.
Duvessa hits you with a +2 short sword of venom!
* * * LOW HITPOINT WARNING * * *
Duvessa barely misses you.
You scratch Duvessa but do no damage.
Duvessa is almost dead.
* * * LOW HITPOINT WARNING * * *
You feel very sick.
Duvessa hits you with a +2 short sword of venom!
* * * LOW HITPOINT WARNING * * *
You are more poisoned.
You scratch Duvessa but do no damage.
Duvessa is almost dead.
* * * LOW HITPOINT WARNING * * *
You feel extremely sick. You block Duvessa's attack.
You mangle Duvessa!!
You kill Duvessa!
You die...

#..# #........# . #..#
#........## ... #..#
#.........#..... ###..#
######....#..... #.#..#
##......... ##)..#
#######......... ##...###
######.........######
.......###
##.............##
###......###....@).......##
######..................#
###..............#..#
##.............###.$#
#.............# #..#
#.............# #..
#............## #.
#............#
#............#


There were no monsters in sight!

Vanquished Creatures
  Grinder (D:3)
  Menkaure (D:5)
  Duvessa (D:5)
  A necrophage (D:4)
  A scorpion (D:5)
  Dowan (D:5)
  2 wyvern skeletons (D:5)
  3 vampire bats (D:3)
  A hound (D:5)
  Jessica (D:3)
  Terence (D:3)
  An iguana (D:4)
  9 gnolls
  7 adders
  2 howler monkey skeletons
  An ufetubus (D:5)
  2 dart slugs
  5 orcs
  8 bats
  2 bat skeletons (D:3)
  2 bat zombies (D:3)
  5 endoplasms
  2 giant cockroaches (D:2)
  5 goblins
  5 hobgoblins
  2 jackals (D:2)
  4 quokkas
  9 ball pythons
  11 frilled lizards
  5 kobolds
  4 rats
105 creatures vanquished.

Vanquished Creatures (others)
  7 plants (D:1)
7 creatures vanquished.

Grand Total: 112 creatures vanquished

Notes
Turn   | Place    | Note
-------+----------+-------------------------------------------
     0 | D:1      | wakim the Troll Fighter began the quest for the Orb.
     0 | D:1      | Reached XP level 1. HP: 22/22 MP: 0/0
   113 | D:1      | !bestdmg
   113 | D:1      | bestwep
   113 | D:1      | !bestwep
   151 | D:1      | Found a faded altar of an unknown god.
   213 | D:1      | Reached XP level 2. HP: 29/29 MP: 1/1
   546 | D:1      | Reached skill level 3 in Unarmed Combat
   958 | D:2      | Reached XP level 3. HP: 36/36 MP: 2/2
  1071 | D:2      | !bestwep$
  1409 | D:3      | Reached XP level 4. HP: 17/45 MP: 3/3
  1459 | D:3      | Reached skill level 4 in Unarmed Combat
  1510 | D:3      | Noticed Terence
  1524 | D:3      | Killed Terence
  1525 | D:3      | Reached XP level 5. HP: 48/53 MP: 4/4
  1638 | D:3      | Found an ancient bone altar of Kikubaaqudgha.
  1654 | D:3      | Reached skill level 5 in Unarmed Combat
  1676 | D:3      | Reached XP level 6. HP: 62/62 MP: 5/5
  1798 | D:3      | Noticed Grinder
  1843 | D:3      | Noticed Jessica
  1847 | D:3      | Killed Jessica
  1909 | D:3      | !bestwep
  2079 | D:3      | Paralysed by Grinder for 4 turns
  2328 | D:3      | Killed Grinder
  2329 | D:3      | Reached skill level 6 in Unarmed Combat
  2329 | D:3      | Reached XP level 7. HP: 45/70 MP: 6/6
  2900 | D:4      | Reached skill level 10 in Unarmed Combat
  2900 | D:4      | Reached XP level 8. HP: 79/79 MP: 7/7
  2909 | D:5      | Entered Level 5 of the Dungeon
  2948 | D:5      | Noticed Menkaure
  2968 | D:5      | Killed Menkaure
  3250 | D:5      | Noticed Dowan
  3253 | D:5      | Noticed Duvessa
  3287 | D:5      | Killed Dowan
  3382 | D:5      | HP: 1/79 [poisoned by Duvessa]
  3383 | D:5      | Killed Duvessa
  3383 | D:5      | Succumbed to Duvessa's poison

Illustrated notes

.##........# #+## .#
.##.##.#.#.# ##...##.#
.##.##.#.# #
##.....#.### .##......#
##..........
.##..#...#.##.........#
............+.........+
####.#...####.........#
#.# .## ##.......# #.#
# ##.@...## #.# ##...##
#.###### ##'## #......#
#.# ######.# #.#
#.#######.##
#.#...##...##
#...........######
#...†............#


Turn 113 on D:1: !bestdmg #.....##........ ###..###.###.... #..# #.# ... #..#
#.# .. #..# #.# . #..# #.# #..# #.# #.)# #.# #.@# #....# #......) #.##....# #.
#..... # #...### #...# ....# Turn 1071 on D:2: !bestwep$ ##### #...#
#################...# .......@............# .##################.# #.#
######.#### ............ #######.#### #.# #.# ... Turn 1909 on D:3: !bestwep

Levels and vault maps discovered:
D:1:      scummos_arrival_forest, layout_loops_corners,
          shapermc_ecumenical_altar_venn, minmay_lizard_king
D:2:      layout_rooms
D:3:      kennysheep_big_flooded_room, layout_basic, kennysheep_vampire_church,
          uniq_terence, uniq_jessica, uniq_grinder
D:4:      layout_rooms
D:5:      layout_cave_pods, uniq_menkaure, uniq_duvessa

Skill      XL: |  1  2  3  4  5  6  7  8 |
---------------+-------------------------+-----
Unarmed Combat | 3 4 5 6 10 | 10.3
Fighting       | 3 4 |  4.7
Shields        | 8 9 |  9.0
Dodging        | |  2.4

Action                   |  1- 3 |  4- 6 |  7- 9 || total
-------------------------+-------+-------+-------++-------
Melee: Unarmed           |    19 |    23 |    93 ||   135
       Short sword       |   122 |    92 |       ||   214
       Punch             |     3 |     1 |     1 ||     5
  Use: Scroll            |       |       |     5 ||     5
       Potion            |       |       |     1 ||     1
Armor: Robe              |    61 |    66 |    21 ||   148
Dodge: Dodged            |    67 |    73 |    26 ||   166
Block: Kite shield       |       |       |    27 ||    27

Table legend: (Time is in decaauts)
 A = Elapsed time spent in this place.
 B = Non-inter-level travel time spent in this place.
 C = Inter-level travel time spent in this place.
 D = Time resting spent in this place.
 E = Time spent auto-exploring this place.
 F = Levels seen in this place.
 G = Mean time per level.
                   A        B        C        D        E       F      G
               +--------+--------+--------+--------+--------+-----+--------+
         Total |   3386 |   3244 |    142 |     83 |    714 |   5 |  677.2 |
       Dungeon |   3386 |   3244 |    142 |     83 |    714 |   5 |  677.2 |
               +--------+--------+--------+--------+--------+-----+--------+

Top non-repeatable levels by time:
     D:3: 1183 daAuts
     D:1: 955 daAuts
     D:5: 460 daAuts
     D:2: 423 daAuts
     D:4: 363 daAuts
